 Dungeon Crawl Stone Soup version 0.26.1-2-gb8aa6d0cf2 (webtiles) character file.

Game seed: 5730785321260369699

31 Dagix the Ruffian (level 3, -2/28 HPs)
             Began as a Draconian Transmuter on Feb 11, 2021.
             Slain by Sigmund
             ... wielding a +0 scythe
              (12 damage)
             ... on level 2 of the Dungeon.
             The game lasted 00:05:47 (918 turns).

Dagix the Ruffian (Draconian Transmuter)             Turns: 918, Time: 00:05:48

Health: -2/28      AC:  8    Str: 12    XL:     3   Next: 7%
Magic:  5/6        EV: 12    Int: 14    God:
Gold:   34         SH:  0    Dex: 11    Spells: 3/6 levels left

rFire    . . .     SeeInvis .   a - +0 spear
rCold    . . .     Faith    .   (no shield)
rNeg     . . .     Spirit   .   (armour unavailable)
rPois    .         Reflect  .   (helmet currently unavailable)
rElec    .         Harm     .   (no cloak)
rCorr    .         Rampage  .   c - +2 pair of gloves
Will     .....                  (boots currently unavailable)
Stlth    +.........             (no amulet)
HPRegen  0.09/turn              (no ring)
MPRegen  0.10/turn              (no ring)

@: appendages (expiring)
A: unfitting armour, horns 2, talons 2, cold-blooded, AC +5
a: End Transformation


You were on level 2 of the Dungeon.
You had grown temporary horns.
You had grown temporary talons.
You visited 1 branch of the dungeon, and saw 2 of its levels.

You collected 34 gold pieces.

Inventory:

Hand Weapons
 a - a +0 spear (weapon)
Armour
 b - a +0 pair of gloves
 c - a +2 pair of gloves (worn)
 g - a +0 robe
Scrolls
 d - a scroll of immolation {unknown}
Potions
 e - 2 potions of heal wounds {unknown}
 f - a potion of haste {unknown}


   Skills:
 + Level 1.1 Fighting
 + Level 0.1 Polearms
 + Level 1.8 Dodging
 + Level 0.4 Stealth
 + Level 3.7 Unarmed Combat
 + Level 2.2 Spellcasting
 + Level 2.2 Transmutations


You had 3 spell levels left.
You knew the following spells:

 Your Spells              Type           Power        Failure   Level
a - Beastly Appendage     Tmut           14%          10%         1
b - Wereblood             Tmut           7%           14%         2

Your spell library contained the following spells:

 Spells                   Type           Power        Failure   Level
 Spider Form              Tmut/Pois      2%           41%         3
 Ice Form                 Ice/Tmut       4%           82%         4
 Blade Hands              Tmut           3%           95%         5


Dungeon Overview and Level Annotations

Branches:
Dungeon (2/15)

Altars:

Annotations:
D:2 Sigmund


Innate Abilities, Weirdness & Mutations

Your plain brown scales are hard. (AC +5)
You cannot fit into any form of body armour.
You are cold-blooded and may be slowed by cold attacks.
You have a pair of horns on your head.
You have razor-sharp toenails.


Message History

You kill the goblin!
Sigmund barely misses you. The goblin barely misses you.
You completely miss the goblin.
Your tail-slap misses the goblin.
Your transformation is almost over.
The goblin hits you. Sigmund closely misses you.
You closely miss the goblin. Your headbutt misses the goblin.
The goblin misses you. Sigmund barely misses you.
You hit the goblin.
You kill the goblin!
Sigmund says, "Don't worry, I'll kill you fast."
Sigmund completely misses you.
Items here: ) [[ †.
Sigmund hits you with a +0 scythe!
You see here a goblin corpse.
You hit Sigmund. You claw Sigmund.
Sigmund is moderately wounded.
You barely miss Sigmund. You claw Sigmund. Your headbutt misses Sigmund.
Sigmund is moderately wounded.
Sigmund hits you with a +0 scythe!
You die...

###
#<# #
#)##.#
#)@@.#
######


You could see Sigmund.

Vanquished Creatures
  Robin (D:2)
  6 goblins
  4 hobgoblins
  4 kobolds (D:1)
  2 frilled lizards (D:1)
  A rat (D:1)
18 creatures vanquished.

Notes
Turn   | Place    | Note
-------+----------+-------------------------------------------
     0 | D:1      | Dagix the Draconian Transmuter began the quest for the Orb.
     0 | D:1      | Reached XP level 1. HP: 16/16 MP: 3/3
   645 | D:1      | Reached XP level 2. HP: 17/23 MP: 5/5
   650 | D:1      | Learned a level 2 spell: Wereblood
   892 | D:2      | Noticed Robin
   903 | D:2      | Killed Robin
   907 | D:2      | Reached XP level 3. HP: 22/28 MP: 6/6
   910 | D:2      | Noticed Sigmund
   918 | D:2      | Slain by Sigmund

Illustrated notes

Levels and vault maps discovered:
D:1:      elethiomel_arrival_maze, layout_loops_ring
D:2:      layout_basic, uniq_sigmund, uniq_natasha, uniq_robin

Action                   || total
-------------------------++-------
Melee: Spear             ||    64
       Tailslap          ||     4
       Headbutt          ||     5
       Kick              ||     5
 Cast: Beastly Appendage ||     4
Armor: Skin              ||    15
Dodge: Dodged            ||    41
